 Dungeon Crawl Stone Soup version 0.22.1-2-g9c5b331383 (webtiles) character file.

144 FiveSeven the Shield-Bearer (level 5, -5/46 HPs)
             Began as a Minotaur Fighter on Nov 25, 2018.
             Slain by Sigmund
             ... wielding a +6 vampiric scythe
              (9 damage)
             ... on level 2 of the Dungeon.
             The game lasted 00:06:54 (1301 turns).

FiveSeven the Shield-Bearer (Minotaur Fighter)      Turns: 1301, Time: 00:06:54

Health: -5/46      AC:  8    Str: 21    XL:     5   Next: 5%
Magic:  4/4        EV:  8    Int:  5    God:
Gold:   106        SH:  9    Dex: 10    Spells: 4/4 levels left

rFire    . . .     SeeInvis .   a - +0 war axe
rCold    + . .     Gourm    .   c - +0 shield
rNeg     . . .     Faith    .   q - +3 ring mail {rF+}
rPois    .         Spirit   .   (helmet restricted)
rElec    .         Reflect  .   (no cloak)
rCorr    .         Harm     .   (no gloves)
MR       .....                  (no boots)
Stlth    ..........             (no amulet)
HPRegen  0.15/turn              n - ring of ice
MPRegen  0.09/turn              (no ring)

@: no status effects
A: retaliatory headbutt, horns 2
a: no special abilities


You were on level 2 of the Dungeon.
You were hungry.

You visited 1 branch of the dungeon, and saw 2 of its levels.

You collected 106 gold pieces.

Inventory:

Hand Weapons
 a - a +0 war axe (weapon)
Armour
 c - a +0 shield (worn)
 q - a +3 ring mail of fire resistance (worn)
Jewellery
 n - a ring of ice (left hand)
Scrolls
 b - a scroll of identify
 g - a scroll of enchant armour
 j - a scroll of teleportation {unknown}
 l - a scroll of immolation {unknown}
 m - 2 scrolls of remove curse {unknown}
 o - a scroll of enchant weapon {unknown}
Potions
 d - a potion of might
 e - a potion of brilliance {unknown}
 h - 2 potions of magic {unknown}
 i - a potion of heal wounds {unknown}
 k - a potion of ambrosia {unknown}
Comestibles
 f - 3 rations


   Skills:
 + Level 4.1 Fighting
 * Level 4.5 Axes
 + Level 4.2 Armour
 + Level 0.5 Dodging
 + Level 4.7 Shields


You had 4 spell levels left.
You didn't know any spells.
Your spell library was empty.

Dungeon Overview and Level Annotations

Branches:
Dungeon (2/15)

Altars:

Annotations:
D:2 Sigmund


Innate Abilities, Weirdness & Mutations

You reflexively headbutt those who attack you in melee.
You have a pair of horns on your head.


Message History

There is an open door, spattered with blood here.
You closely miss something.
You hear some strange, mumbled words.
A puff of flame appears from out of thin air!
You block the puff of flame. Something hits you!
You barely miss something. Something hits you but does no damage.
You slash something! You miss something. Something hits you but does no damage.
You barely miss something. Your headbutt misses something.
Something hits you but does no damage.
You slash something! Something hits you.
You barely miss something. Your headbutt misses something. Something hits you.
You closely miss something. You headbutt something.
You block something's attack.
You barely miss something. Your headbutt misses something. Something hits you!
* * * LOW HITPOINT WARNING * * *
You closely miss something. Something hits you!
* * * LOW HITPOINT WARNING * * *
You barely miss something. You headbutt something! Something hits you!
You die...

##########..............#
# #.######.......##.#
#.............<...#
####....(......##.#
#....#'##+### #....#.##.#
#....#.##.######
######'#.........#####
#.....@{.............#
#....................#
#....................#
#....................#
#....................#
#....................#
#########............##
######.........
##########


There were no monsters in sight!

Vanquished Creatures
  An ogre (D:2)
  2 adders (D:2)
  A dart slug (D:1)
  2 leopard geckos (D:2)
  A ball python (D:1)
  7 giant cockroaches
  A goblin (D:1)
  3 hobgoblins
  8 kobolds
  6 bats
  6 rats
  A bush (D:2)
  4 plants (D:2)
43 creatures vanquished.

Notes
Turn   | Place    | Note
-------+----------+-------------------------------------------
     0 | D:1      | FiveSeven the Minotaur Fighter began the quest for the Orb.
     0 | D:1      | Reached XP level 1. HP: 19/19 MP: 0/0
    60 | D:1      | Reached XP level 2. HP: 26/27 MP: 1/1
   873 | D:2      | Noticed an ogre
   883 | D:2      | Killed an ogre
   883 | D:2      | Reached XP level 3. HP: 31/33 MP: 2/2
   883 | D:2      | Reached XP level 4. HP: 37/40 MP: 3/3
  1092 | D:2      | Reached XP level 5. HP: 43/46 MP: 4/4
  1279 | D:2      | Noticed Sigmund
  1301 | D:2      | Slain by Sigmund

Skill      XL: |  1  2 |
---------------+-------+-----
Shields        | 4 |  4.7
Armour         | 4 |  4.2
Fighting       | 4 |  4.1
Axes           | 4 |  4.5
Dodging        | |  0.5

Action                   |  1- 3 |  4- 6 || total
-------------------------+-------+-------++-------
Melee: War axe           |    49 |    96 ||   145
       Headbutt          |     5 |    27 ||    32
  Use: Scroll            |       |     4 ||     4
  Eat: Chunk             |       |     1 ||     1
Armor: Scale mail        |    25 |     6 ||    31
       Ring mail         |       |    15 ||    15
Dodge: Dodged            |    24 |    10 ||    34
Block: Shield            |    42 |    14 ||    56
